 Dungeon Crawl Stone Soup version 0.31.0-9-g3a7656b989 (webtiles) character file.

Game seed: 13717855409883885234

18 stipulation the Ruffian (level 2, 0/26 HPs)
             Began as a Ghoul Monk on Jan 25, 2024.
             Slain by a goblin
             ... wielding a +0 dagger
             ... led by Robin
              (2 damage)
             ... on level 2 of the Dungeon.
             The game lasted 00:00:21 (363 turns).

stipulation the Ruffian (Ghoul Monk)                 Turns: 363, Time: 00:00:21

Health: 0/26       AC:  2    Str: 14    XL:     2   Next: 66%
Magic:  2/2        EV: 12    Int:  9    God:
Gold:   25         SH:  0    Dex: 11    Spells: 1/1 levels left

rFire   . .          .
                       - Unarmed
rCold   + . .        c - orb {light}
rNeg    + + +        a - +0 robe
rPois   ∞            (no helmet)
rElec   .            (no cloak)
rCorr   .            (no gloves)
SInv    .            (no boots)
Will    .....        (no amulet)
Stlth   +            (no ring)
HPRegen 0.00/turn    (no ring)
MPRegen 0.08/turn

%: no passive effects
@: inhibited regen, glowing
A: claws 1, cold resistance 1, negative energy resistance 3, inhibited
regeneration, torment resistance 2, devour on kill
a: no special abilities


You were on level 2 of the Dungeon.
You visited 1 branch of the dungeon, and saw 2 of its levels.

You collected 25 gold pieces.

Inventory:

Armour
 a - a +0 robe (worn)
 c - an orb of light (worn)
Scrolls
 d - a scroll of fear {unknown}
Potions
 b - a potion of ambrosia
 e - a potion of heal wounds {unknown}
 f - a potion of cancellation {unknown}
 g - a potion of magic {unknown}


   Skills:
 - Level 3.2 Fighting
 - Level 2.6 Dodging
 + Level 4.3 Unarmed Combat


You had one spell level left.
You didn't know any spells.
Your spell library contained the following spells:

 Spells                   Type           Power      Damage    Failure   Level
 Magic Dart               Conj           0%         1d3       38%         1
 Searing Ray              Conj           0%         2d4       52%         2
 Fulminant Prism          Conj/Alch      0%         3d5       99%         4


Dungeon Overview and Level Annotations

Branches:
Dungeon (1/15)

Altars:

Shops:
D:1 !

Annotations:
D:2 Robin


Innate Abilities, Weirdness & Mutations

You are immune to poison.
You have sharp fingernails.
Your flesh is cold resistant. (rC+)
You are immune to negative energy. (rN+++)
You do not regenerate when monsters are visible.
You are immune to unholy pain and torment.
You thrive by killing the living.


Message History

The goblin shouts! x2; The gnoll shouts!
You hear an angry hiss.
You hear a shout!
The gnoll hits you with a +0 spear.
You scratch the gnoll.
The gnoll is lightly wounded.
Robin throws the goblin at you!
A goblin comes into view. It is wielding a +0 dagger.
The gnoll hits you with a +0 spear!
The goblin shouts!
You are too injured to fight recklessly!
You are too injured to fight recklessly!
You are too injured to fight recklessly!
You are too injured to fight recklessly!
You are too injured to fight recklessly!
You are too injured to fight recklessly!
You are too injured to fight recklessly!
You are too injured to fight recklessly!
You are too injured to fight recklessly!
You are too injured to fight recklessly!
You are too injured to fight recklessly!
You are too injured to fight recklessly!
You are too injured to fight recklessly!
You are too injured to fight recklessly!
You are too injured to fight recklessly!
You are too injured to fight recklessly!
You hear a shout!
You hear an angry hiss.
Robin throws the goblin at you! The goblin hits you with a +0 dagger.
The goblin completely misses you. The gnoll closely misses you.
You scratch the goblin.
You kill the goblin!
You feel better.
You scratch the goblin.
The goblin is moderately wounded.
The goblin hits you with a +0 dagger.
The gnoll hits you from afar with a +0 spear!
* * * LOW HITPOINT WARNING * * *
You barely miss the goblin.
The goblin is moderately wounded.
The goblin hits you with a +0 dagger.
You die...

#.#......#######.
####.#.###..........
#...........).......
#.##.#...#.########.
#.##.......########.
#
#.#####.###.........
#...###.#####.#
#.########
#..........##...
##.###@######...# #.
#g# #...# # #g#
#...# ##.#.##g#
#...# ....g.gg#
#...#
g###.###g.g.... #.


gg..... # ....... #####.. You could see 3 gnolls and 4 goblins.

Vanquished Creatures
  A ball python (D:1)
  An endoplasm (D:1)
  A giant cockroach (D:1)
  A goblin (D:2)
  2 hobgoblins
  4 jackals (D:1)
  A kobold (D:1)
  2 bats (D:1)
  2 rats (D:1)
15 creatures vanquished.

Notes
Turn   | Place    | Note
-------+----------+-------------------------------------------
     0 | D:1      | stipulation the Ghoul Monk began the quest for the Orb.
     0 | D:1      | Reached XP level 1. HP: 19/19 MP: 1/1
    72 | D:1      | Reached XP level 2. HP: 26/26 MP: 2/2
    79 | D:1      | Reached skill level 4 in Unarmed Combat
   265 | D:1      | Found Ytirud's Distillery.
   271 | D:1      | You fall into a shaft and drop 1 floor!
   354 | D:2      | Identified the +1 helmet of the Shrinking Gods {SInv}
   354 | D:2      | Noticed Robin
   363 | D:2      | Slain by a goblin

Illustrated notes

Levels and vault maps discovered:
D:1:      dpeg_arrival_boxorama, layout_loops_corners,
          hellmonk_ecumenical_altar_watching_god, serial_shops, shop, hex_tiny,
          fountainhead, st_stairs_10
D:2:      layout_loops_cross, grunt_decor_one_mirror, uniq_robin

Skill      XL: |  1  2 |
---------------+-------+-----
Unarmed Combat | 4 |  4.3
Fighting       | |  3.2
Dodging        | |  2.6

Action                     || total
---------------------------++-------
  Melee: Unarmed           ||    46
 Armour: Robe              ||    30
  Dodge: Dodged            ||    31
